 Dungeon Crawl Stone Soup version 0.24.0-10-g970556be89 (webtiles) character file.

Game seed: 12922307181115211769, levelgen mode: deterministic

889 inmateoo the Scratcher (level 7, -4/33 HPs)
             Began as a Felid Fighter on Nov 4, 2019.
             Was an Initiate of Wu Jian.
             Killed from afar by an orc wizard (11 damage)
             ... with a magic dart
             ... on level 8 of the Dungeon.
             The game lasted 00:09:37 (8855 turns).

inmateoo the Scratcher (Felid Fighter)              Turns: 8855, Time: 00:09:38

Health: -4/33      AC: -2    Str: 12    XL:     7   Next: 77%
Magic:  13/13      EV: 23    Int:  9    God:    Wu Jian [......]
Gold:   67         SH:  0    Dex: 18    Spells: 13/13 levels left
                                        Lives:  0   Deaths: 2

rFire    . . .     SeeInvis +     - Unarmed
rCold    . . .     Gourm    .   (shield unavailable)
rNeg     . . .     Faith    .   (armour unavailable)
rPois    .         Spirit   .   (helmet unavailable)
rElec    .         Reflect  .   (cloak unavailable)
rCorr    .         Harm     .   (gloves unavailable)
MR       +....                  (boots unavailable)
Stlth    ++++......             h - amulet of magic regeneration
HPRegen  0.11/turn              (no ring)
MPRegen  0.38/turn              (no ring)

@: corroded, slowed, slow
A: very small, no armour, no weapons or thrown items, stealth, claws 1, fangs 3,
see invisible, carnivore, speed 1, shaggy fur 2, slow metabolism 1, sharp paws
a: Renounce Religion


You were on level 8 of the Dungeon.
You worshipped Wu Jian.
Wu Jian was noncommittal.
You were not hungry.

You visited 2 branches of the dungeon, and saw 9 of its levels.

You collected 381 gold pieces.
You spent 314 gold pieces at shops.

Inventory:

Jewellery
 h - an amulet of magic regeneration (around neck)
 q - the ring "Rucer" {Fire Str+4}
   (You bought it in a shop on level 7 of the Dungeon)

   [ring of fire]

   It enhances your fire magic.
   It affects your strength (+4).
   It protects you from fire.
   It makes you vulnerable to cold.
Wands
 e - a wand of polymorph (4)
 m - a wand of clouds (2)
 p - a wand of flame (6)
Scrolls
 f - 2 scrolls of teleportation
 j - 2 scrolls of amnesia
 o - 3 scrolls of remove curse
 s - 2 scrolls of magic mapping
Potions
 a - a potion of might
 c - 2 potions of lignification
 d - 2 potions of curing
 g - a potion of haste
 i - 5 potions of heal wounds {unknown}
 k - a potion of agility
 l - 2 potions of mutation
Comestibles
 b - 14 rations


   Skills:
 + Level 5.4 Fighting
 + Level 7.0 Dodging
 + Level 6.1 Stealth
 * Level 7.6 Unarmed Combat
 + Level 3.9 Spellcasting
 + Level 3.6 Evocations


You had 13 spell levels left.
You didn't know any spells.
Your spell library was empty.

Dungeon Overview and Level Annotations

Branches:
Dungeon (8/15)             Temple (1/1) D:7
   Lair: D:8-11

Altars:
Ashenzari
Cheibriados
Elyvilon
Fedhas
Gozag
Hepliaklqana
Kikubaaqudgha
Makhleb
Nemelex Xobeh
Okawaru
Qazlal
Ru
Trog
Uskayaw
Vehumet
Wu Jian
Xom
Yredelemnul
The Shining One

Shops:
D:6 (   D:7 *


Innate Abilities, Weirdness & Mutations

You cannot wear armour.
You are incapable of wielding weapons or throwing items.
Your paws allow you to move quietly. (Stealth)
You have sharp claws.
You have razor-sharp teeth.
You have supernaturally acute eyesight. (SInv)
You are carnivorous and can eat meat at any time.
You cover ground quickly.
You are covered in thick fur. (AC +2)
You have a slow metabolism.
Your sharp claws are effective at attacking unaware monsters.


Message History

You feel yourself slow down.
An orc wizard comes into view. It is wielding a +2 dagger of venom.
The orc wizard casts a spell at you. You resist with almost no effort.
An orc wizard is nearby!
The orc wizard casts a spell.
The orc wizard blinks!
You hear a shout!
The orc wizard hits you with a +0 dagger.
An orc wizard and a shadow imp come into view.
The orc wizard gestures at you while chanting.
The magic dart hits you!
* * * LOW HITPOINT WARNING * * *
The orc wizard closely misses you.
Found 12 stones.
The orc wizard mumbles some strange words.
The orc wizard blinks!
The orc wizard completely misses you.
The orc wizard gestures at you while chanting.
The magic dart hits you!
You die...

#########
##...#...##
###.........##
###............#
###..............#
.................#
.......@........#
...............##
..(......o..####
.........#..#
.....)...#..##
.........#...#
...o.o...##..####
....
........5.##.....##
...
..o......o#.......##


You could see 2 orc wizards, a shadow imp and an orc.

Vanquished Creatures
  Prince Ribbit (D:6)
  Menkaure (D:4)
  A water moccasin (D:7)
  An ice beast (D:5)
  An ogre (D:7)
  3 centaurs
  Blork the orc (D:4)
  A bullfrog (D:6)
  3 scorpions
  2 crimson imps
  A centaur zombie (D:5)
  3 jellies
  2 gnoll shamans
  2 hounds (D:5)
  3 orc priests
  3 orc wizards
  An iguana (D:6)
  4 worker ants
  9 gnolls
  3 adders
  An adder skeleton (D:3)
  5 worms
  4 dart slugs
  2 leopard geckos
  22 orcs
  6 giant cockroaches
  5 goblins
  A hobgoblin (D:1)
  11 jackals
  3 quokkas
  A ball python (D:1)
  5 bats
  4 frilled lizards
  4 kobolds
  A leopard gecko skeleton (D:5)
  A quokka skeleton (D:4)
  6 rats
128 creatures vanquished.

Notes
Turn   | Place    | Note
-------+----------+-------------------------------------------
     0 | D:1      | inmateoo the Felid Fighter began the quest for the Orb.
     0 | D:1      | Reached XP level 1. HP: 10/10 MP: 2/2
   442 | D:2      | Reached XP level 2. HP: 14/14 MP: 3/3
   760 | D:2      | Reached XP level 3. HP: 8/17 MP: 5/5
  1133 | D:2      | Reached skill level 1 in Spellcasting
  1420 | D:3      | Reached skill level 1 in Stealth
  1483 | D:3      | Reached XP level 4. HP: 8/21 MP: 6/6
  2055 | D:3      | Found a faded altar of an unknown god.
  2478 | D:3      | Reached skill level 5 in Unarmed Combat
  2478 | D:3      | Reached XP level 5. HP: 9/25 MP: 8/8
  2860 | D:4      | Noticed Menkaure
  2883 | D:4      | Killed Menkaure
  2883 | D:4      | Reached skill level 5 in Dodging
  2883 | D:4      | Gained mutation: You are covered in thick fur. (AC +2)
                  | [Felid growth]
  2883 | D:4      | Reached XP level 6. HP: 10/28 MP: 9/9
  3126 | D:4      | Noticed Blork the orc
  3386 | D:4      | Killed Blork the orc
  3990 | D:4      | Found a shimmering altar of Xom.
  3990 | D:4      | Found a white marble altar of Elyvilon.
  3996 | D:4      | Found a sacrificial altar of Ru.
  3998 | D:4      | Found a burning altar of Makhleb.
  4000 | D:4      | Found a stormy altar of Qazlal.
  4090 | D:4      | Slain by an orc wizard
  4091 | D:4      | Reached XP level 5. HP: -3/25 MP: 9/9
  4138 | D:4      | Reached skill level 1 in Evocations
  4241 | D:4      | Found an opulent altar of Gozag.
  4590 | D:5      | Entered Level 5 of the Dungeon
  4604 | D:5      | Noticed a centaur
  4607 | D:5      | Killed a centaur
  4607 | D:5      | Reached XP level 6. HP: 28/28 MP: 10/10
  5209 | D:5      | Reached XP level 7. HP: 28/33 MP: 12/12
  5721 | D:6      | Noticed Prince Ribbit
  5735 | D:6      | Killed Prince Ribbit
  5953 | D:6      | Reached skill level 5 in Stealth
  6435 | D:6      | Reached XP level 8. HP: 36/36 MP: 13/13
  7033 | D:6      | Found Owuynu Burush's Weapon Shoppe.
  7160 | D:6      | Reached skill level 5 in Fighting
  8185 | D:7      | Found a staircase to the Ecumenical Temple.
  8193 | D:7      | Found Weesyd's Assorted Antiques.
  8200 | D:7      | Bought a warped amber ring for 105 gold pieces
  8200 | D:7      | Bought a scroll of identify for 42 gold pieces
  8200 | D:7      | Bought a scroll of magic mapping for 73 gold pieces
  8200 | D:7      | Bought a scroll labeled XIORU PUNASIUP for 21 gold pieces
  8200 | D:7      | Bought a scroll of magic mapping for 73 gold pieces
  8205 | D:7      | Identified the ring "Rucer" {Fire Str+4} (You bought it in
                  | a shop on level 7 of the Dungeon)
  8346 | Temple   | Entered the Ecumenical Temple
  8398 | Temple   | Became a worshipper of the Wu Jian Council
  8831 | D:8      | Noticed a two-headed ogre
  8834 | D:8      | Slain by a two-headed ogre
  8835 | D:8      | Reached XP level 7. HP: -2/33 MP: 13/13
  8855 | D:8      | Killed from afar by an orc wizard

Levels and vault maps discovered:
D:1:      giann_bridges, layout_basic
D:2:      layout_basic
D:3:      layout_basic, chequers_ecumenical_altar_island
D:4:      layout_cave_pods, chequers_temple_overflow_minitemple,
          nicolae_overflow_crystal_walls, uniq_blork_the_orc, uniq_menkaure
D:5:      layout_basic, first_ration, minivault_27, bh_walls_and_bars
D:6:      layout_basic, serial_shops, shop_statue, uniq_prince_ribbit1
D:7:      layout_loops_corners, minmay_temple_entry_enclosed_plants,
          serial_shops, nicolae_shop_temple_entry_statues_fountains
D:8:      layout_rooms, tgw_sif
Temple:   cyrus_circular_temple

Skill      XL: |  1  2  3  4  5  6  7  8 |
---------------+-------------------------+-----
Spellcasting   | 1 2 3 |  3.9
Stealth        | 1 2 4 5 6 |  6.1
Unarmed Combat | 5 6 7 |  7.6
Dodging        | 5 6 7 |  7.0
Fighting       | 4 5 |  5.4
Evocations     | 1 2 3 |  3.6

Action                   |  1- 3 |  4- 6 |  7- 9 || total
-------------------------+-------+-------+-------++-------
Melee: Unarmed           |   111 |   171 |   106 ||   388
       Bite              |    13 |    17 |    13 ||    43
       Punch             |     1 |     5 |     4 ||    10
Invok: Lunge             |       |       |     1 ||     1
Evoke: Wand              |       |     1 |    11 ||    12
  Use: Scroll            |     8 |     2 |    10 ||    20
       Potion            |       |     1 |       ||     1
 Stab: Sleeping          |     2 |     9 |    12 ||    23
       Confused          |       |     3 |       ||     3
  Eat: Chunk             |     8 |    12 |     3 ||    23
Armor: Skin              |     2 |     7 |     2 ||    11
Dodge: Dodged            |    83 |   113 |    69 ||   265
